 Dungeon Crawl Stone Soup version 0.31.0-11-ge490571c62 (webtiles) character file.

Game seed: 4311917533814531621

29 Aviak the Ruffian (level 3, 24/26 HPs)
             Began as a Demonspawn Shapeshifter on Jan 26, 2024.
             Quit the game on level 1 of the Dungeon.
             The game lasted 00:01:30 (487 turns).

Aviak the Ruffian (Demonspawn Shapeshifter)          Turns: 487, Time: 00:01:31

Health: 24/26      AC:  2    Str: 14    XL:     3   Next: 1%
Magic:  3/3        EV: 12    Int: 12    God:
Gold:   20         SH:  4    Dex: 12    Spells: 2/2 levels left

rFire   . .          .
                       - Unarmed
rCold   . . .        (no shield)
rNeg    . . .        a - +0 animal skin
rPois   .            (helmet currently unavailable)
rElec   .            (cloak currently unavailable)
rCorr   .            (gloves currently unavailable)
SInv    .            (boots currently unavailable)
Will    +....        (no amulet)
Stlth   +            e - ring of willpower
HPRegen 0.24/turn    (no ring)
MPRegen 0.08/turn

%: no passive effects
@: beast-form
A: beast (slay +1), condensation shield, demonic magic 1
a: Begin Untransformation


You were on level 1 of the Dungeon.
You were a hulking beast.
You visited 1 branch of the dungeon, and saw 1 of its levels.

You collected 20 gold pieces.

Inventory:

Armour
 a - a +0 animal skin (worn)
 f - a +0 buckler
 j - a +0 helmet
Jewellery
 e - a ring of willpower (left hand)
Talismans
 c - a beast talisman
 d - a flux talisman
Scrolls
 g - 2 scrolls of teleportation {unknown}
 h - a scroll of enchant armour {unknown}
 i - a scroll of identify {unknown}
Potions
 b - a potion of lignification {!q}


   Skills:
 + Level 1.6 Fighting
 + Level 2.2 Dodging
 + Level 3.0 Unarmed Combat
 + Level 3.0 Shapeshifting


You had 2 spell levels left.
You didn't know any spells.
Your spell library was empty.

Dungeon Overview and Level Annotations

Branches:
Dungeon (1/15)

Altars:


Innate Abilities, Weirdness & Mutations

You are a hulking beast.
Your limbs bulge with bestial killing power. (Slay +1)
A meltable shield of frost defends you. (SH +4)
Spells you cast may paralyse adjacent enemies.


Message History

You hit the giant cockroach.
The giant cockroach is severely wounded.
The giant cockroach bites you but does no damage.
You hit the giant cockroach but do no damage.
The giant cockroach is severely wounded.
The giant cockroach bites you but does no damage.
You hit the giant cockroach.
You kill the giant cockroach!
No target in view!
You see here a giant cockroach corpse.
You open the door.
A bat comes into view.
A dart slug comes into view.
There is an open door here.
The bat closely misses you.
You miss the bat. The bat barely misses you.
The bat hits you but does no damage.
You hit the dart slug.
The dart slug is heavily wounded.
The bat closely misses you. The dart slug barely misses you.
You hit the dart slug.
The dart slug is almost dead.
The bat closely misses you. The dart slug closely misses you.
You hit the dart slug.
You kill the dart slug!
The bat hits you.
Your Shapeshifting skill increases to level 3!
The bat hits you but does no damage. The bat hits you but does no damage.
You hit the bat.
The bat is severely wounded.
The bat hits you.
You hit the bat.
You kill the bat!
You have reached level 3!
Your experience leads to an increase in your attributes!
Increase (S)trength, (I)ntelligence, or (D)exterity?
You feel clever. x2; Your demonic ancestry asserts itself...
Frost condenses into a shield before you.
Are you sure you want to abandon this character and quit the game? (Confirm with "yes".)

#### ...# ####...####
#.......... #..........
####..........
#..'..........
#.##..........
#.##..h....... #####
#.##†......... #....
#.##.......... #....
#.##.......... #....
#.#####.##+############
########.#
.#...........#..
#.....†..#
................
#.########
###..........#.. #.#
###.###.......#


There were no monsters in sight!

Vanquished Creatures
  3 dart slugs (D:1)
  2 ball pythons (D:1)
  2 bats (D:1)
  5 endoplasms (D:1)
  2 giant cockroaches (D:1)
  A hobgoblin (D:1)
  A kobold (D:1)
  5 rats (D:1)
21 creatures vanquished.

Notes
Turn   | Place    | Note
-------+----------+-------------------------------------------
     0 | D:1      | Aviak the Demonspawn Shapeshifter began the quest for the
                  | Orb.
     0 | D:1      | Reached XP level 1. HP: 15/15 MP: 1/1
   115 | D:1      | Gained mutation: Spells you cast may paralyse adjacent
                  | enemies. [demonic ancestry]
   115 | D:1      | Reached XP level 2. HP: 21/21 MP: 2/2
   487 | D:1      | Gained mutation: A meltable shield of frost defends you.
                  | (SH +4) [demonic ancestry]
   487 | D:1      | Reached XP level 3. HP: 24/26 MP: 3/3
   487 | D:1      | Quit the game

Illustrated notes

Levels and vault maps discovered:
D:1:      heliophobic_arrival_battle_scene, layout_basic

Skill      XL: |  1  2 |
---------------+-------+-----
Dodging        | 2 |  2.2
Unarmed Combat | 3 |  3.0
Shapeshifting  | 3 |  3.0
Fighting       | |  1.6

Action                     || total
---------------------------++-------
  Melee: Unarmed           ||    63
 Armour: Animal skin       ||    30
  Dodge: Dodged            ||    36
